 Dungeon Crawl Stone Soup version 0.28-a0-1560-g060a6a1bfc (webtiles) character file.

Game seed: 15856023787464795162

68 Nattfarinn the Skirmisher (level 4, -6/37 HPs)
             Began as a Djinni Gladiator on Jan 19, 2022.
             Mangled by a gnoll (11 damage)
             ... on level 1 of the Dungeon.
             The game lasted 00:02:52 (1562 turns).

Nattfarinn the Skirmisher (Djinni Gladiator)        Turns: 1562, Time: 00:02:52

Health: -6/37      AC:  4    Str: 15    XL:     4   Next: 41%
Gold:   50         EV: 12    Int:  9    God:
                   SH:  0    Dex: 15

rFire   + + .      SeeInvis .   i - +2 whip (flame)
rCold   x . .      Faith    .   (no shield)
rNeg    . . .      Spirit   .   b - +0 leather armour
rPois   ∞          Reflect  .   c - +0 helmet
rElec   .          Harm     .   (no cloak)
rCorr   .          Rampage  .   (no gloves)
Will    .....                   (boots unavailable)
Stlth   +.........              (no amulet)
HPRegen 0.12/turn               (no ring)
MPRegen 0.00/turn               (no ring)

@: flying
A: sickness immunity, fire resistance 2, cold vulnerability 1, float, innate
caster, hp casting, extra vitality 1
a: no special abilities


You were on level 1 of the Dungeon.
You visited 1 branch of the dungeon, and saw 2 of its levels.

You collected 50 gold pieces.

Inventory:

Hand Weapons
 a - a +0 long sword
 i - a +2 whip of flaming (weapon)
Missiles
 d - 3 throwing nets (quivered)
Armour
 b - a +0 leather armour (worn)
 c - a +0 helmet (worn)
Jewellery
 e - a ring of resist corrosion
Scrolls
 f - a scroll of fog {unknown}
Potions
 g - a potion of berserk rage {unknown}
 h - 2 potions of might {unknown}
 j - a potion of heal wounds {unknown}


   Skills:
 * Level 3.7 Fighting
 - Level 2.6 Long Blades
 - Level 1.5 Throwing
 - Level 3.2 Dodging
 + Level 1.3 Spellcasting


You had 4 spell levels left.
You knew the following spells:

 Your Spells              Type           Power      Damage    Failure   Level
a - Animate Skeleton      Necr           6%         N/A       26%         1
Your spell library was empty.

Dungeon Overview and Level Annotations

Branches:
Dungeon (2/15)

Altars:

Annotations:
D:2 1 runed translucent door, Crazy Yiuf


Innate Abilities, Weirdness & Mutations

You are immune to sickness and miasma.
You are immune to poison.
Your flesh is very heat resistant. (rF++)
You are vulnerable to cold. (rC-)
You float through the air rather than walking.
You learn spells naturally, not from books.
Your magical power is your life essence.
You have superior vitality. (+4 MHP)


Message History

The gnoll is severely wounded.
The gnoll misses you.
You hit the gnoll but do no damage.
The gnoll is severely wounded.
The gnoll hits you with a +0 flail! The gnoll barely misses you.
You are too injured to fight recklessly!
You are too injured to fight recklessly!
You are too injured to fight recklessly!
You are too injured to fight recklessly!
You are too injured to fight recklessly!
You are too injured to fight recklessly!
You are too injured to fight recklessly!
You are too injured to fight recklessly!
You are too injured to fight recklessly!
You hit the gnoll but do no damage.
The gnoll is heavily wounded.
The gnoll hits you but does no damage.
You barely miss the gnoll.
The gnoll is heavily wounded.
The gnoll misses you.
You barely miss the gnoll.
The gnoll is heavily wounded.
The gnoll hits you with a +0 flail.
You hit the gnoll but do no damage.
The gnoll is heavily wounded.
The gnoll hits you with a +0 flail!
* * * LOW HITPOINT WARNING * * *
You hit the gnoll. You burn the gnoll.
The gnoll is severely wounded.
The gnoll misses you.
You hit the gnoll but do no damage.
The gnoll is severely wounded.
The gnoll barely misses you.
You barely miss the gnoll.
The gnoll is severely wounded.
The gnoll barely misses you.
You closely miss the gnoll.
The gnoll is severely wounded.
The gnoll hits you with a +0 flail!
You die...

#.....#########..# #####
#...#........#...# #....
############..[..###....
##.......#.... #..##.#.......
####### ###.###.#.##....
#.....# ###...#####'#####.
#.###.####...###.........#. #.#
#....g@### #.........#.
#.#####.....####..⌠...⌠..##
#####..###..###.>..#.........##
#..........## ####.+....<....+.
#..........# ###.........#.
#..........# #..⌠...⌠..##
#..........# #.........#.
#..........# #.........#.
#..^.......# #####'#####.


You could see a gnoll.

Vanquished Creatures
  2 adders (D:2)
  A worm (D:2)
  4 ball pythons
  6 bats
  2 endoplasms (D:1)
  A giant cockroach (D:1)
  3 goblins
  4 hobgoblins
  6 jackals
  4 kobolds
  4 quokkas
  4 frilled lizards (D:1)
  3 rats
44 creatures vanquished.

Vanquished Creatures (others)
  2 fungi (D:2)
2 creatures vanquished.

Grand Total: 46 creatures vanquished

Notes
Turn   | Place    | Note
-------+----------+-------------------------------------------
     0 | D:1      | Nattfarinn the Djinni Gladiator began the quest for the
                  | Orb.
     0 | D:1      | Reached XP level 1. HP: 18/18 MP: 0/0
   158 | D:1      | Reached XP level 2. HP: 24/24 MP: 0/0
   323 | D:1      | Reached XP level 3. HP: 29/29 MP: 0/0
   323 | D:1      | Learned a level 1 spell: Animate Skeleton
   600 | D:2      | Found a faded altar of an unknown god.
   613 | D:1      | Reached skill level 1 in Spellcasting
   808 | D:2      | Found a runed translucent door.
   809 | D:2      | Noticed Crazy Yiuf
   898 | D:2      | Reached XP level 4. HP: 31/35 MP: 0/0
  1195 | D:2      | HP: 1/37 [gnoll (8)]
  1562 | D:1      | Mangled by a gnoll

Illustrated notes

Levels and vault maps discovered:
D:1:      mushboom_english_gardens, layout_rooms, skrybe_limestone_x
D:2:      layout_basic, basic_altar, hellmonk_ecumenical_altar_dog_temple,
          serial_shops, nicolae_shop_competitors_out_of_business,
          uniq_crazy_yiuf_cottage

Skill      XL: |  1  2  3 |
---------------+----------+-----
Fighting       | 3 |  3.7
Spellcasting   | 1 |  1.3
Long Blades    | |  2.6
Throwing       | |  1.5
Dodging        | |  3.2

Action                   |  1- 3 |  4- 6 || total
-------------------------+-------+-------++-------
Melee: Long sword        |    55 |       ||    55
       Whip              |    43 |    43 ||    86
       Punch             |     1 |       ||     1
Armor: Leather armour    |    39 |    16 ||    55
Dodge: Dodged            |    96 |    60 ||   156

Table legend: (Time is in decaauts)
 A = Elapsed time spent in this place.
 B = Non-inter-level travel time spent in this place.
 C = Inter-level travel time spent in this place.
 D = Time resting spent in this place.
 E = Time spent auto-exploring this place.
 F = Levels seen in this place.
 G = Mean time per level.
                   A        B        C        D        E       F      G
               +--------+--------+--------+--------+--------+-----+--------+
         Total |   1587 |   1579 |      8 |    260 |    944 |   2 |  793.5 |
       Dungeon |   1587 |   1579 |      8 |    260 |    944 |   2 |  793.5 |
               +--------+--------+--------+--------+--------+-----+--------+

Top non-repeatable levels by time:
     D:1: 1033 daAuts
     D:2: 553 daAuts
